 Dungeon Crawl Stone Soup version 0.30-a0-777-ga9a30cbeda (webtiles) character file.

Game seed: 502738180418018962

144 testman the Stinger (level 5, -3/35 HPs)
             Began as a Demonspawn Venom Mage on Feb 13, 2023.
             Was an Initiate of Gozag.
             Killed from afar by an orc wizard (8 damage)
             ... with a puff of flame
             ... on level 3 of the Dungeon.
             The game lasted 00:13:43 (2185 turns).

testman the Stinger (Demonspawn Venom Mage)         Turns: 2185, Time: 00:13:44

Health: -3/35      AC:  3    Str:  8    XL:     5   Next: 5%
Magic:  6/8        EV: 12    Int: 19    God:    Gozag
Gold:   157        SH:  0    Dex: 13    Spells: 2/8 levels left

rFire   . . .      SeeInvis .    d - +0 dagger
rCold   . . .      Faith    .    (no shield)
rNeg    . . .      Spirit   .    a - +0 robe
rPois   .          Reflect  .    (helmet restricted)
rElec   .          Harm     .    e - +0 cloak
rCorr   .          Rampage  .    (no gloves)
Will    .....                    (no boots)
Stlth   ++                       (no amulet)
HPRegen 0.25/turn                (no ring)
MPRegen 0.11/turn                (no ring)

@: no status effects
A: horns 1, condensation shield
a: Renounce Religion, Potion Petition, Call Merchant, Bribe Branch


You were on level 3 of the Dungeon.
You worshipped Gozag.
Gozag was aware of your devotion.
You visited 1 branch of the dungeon, and saw 3 of its levels.

You collected 221 gold pieces.
You paid 64 gold pieces to Gozag.

Inventory:

Hand Weapons
 d - a +0 dagger (weapon)
Missiles
 f - 6 poisoned darts
 m - 4 silver javelins
Armour
 a - a +0 robe (worn)
 e - a +0 cloak (worn)
Scrolls
 c - 2 scrolls of fog {unknown}
 h - a scroll of enchant armour {unknown}
 i - 2 scrolls of identify {unknown}
 j - 2 scrolls of teleportation {unknown}
 n - a scroll of noise {unknown}
 o - a scroll of silence {unknown}
 q - a scroll of vulnerability {unknown}
 s - a scroll of amnesia {unknown}
Potions
 b - 2 potions of magic
 g - a potion of haste {unknown}
 k - a potion of heal wounds {unknown}
 l - a potion of flight {unknown}
 p - a potion of invisibility {unknown}
 r - a potion of berserk rage {unknown}
 t - a potion of cancellation {unknown}


   Skills:
 - Level 1.7 Dodging
 - Level 1.7 Stealth
 + Level 2.3 Spellcasting
 - Level 2.0 Conjurations
 + Level 1.4 Transmutations
 + Level 0.8 Fire Magic
 - Level 2.0 Air Magic
 + Level 4.0 Poison Magic


You had 2 spell levels left.
You knew the following spells:

 Your Spells              Type           Power      Damage    Failure   Level
a - Sting                 Tmut/Pois      48%        1d5       5%          1
b - Poisonous Vapours     Pois/Air       26%        N/A       7%          2
c - Mephitic Cloud        Conj/Pois/Air  12%        N/A       16%         3

Your spell library contained the following spells:

 Spells                   Type           Power      Damage    Failure   Level
 Ignite Poison            Fire/Tmut/Pois 10%        N/A       21%         3
 Olgreb's Toxic Radiance  Pois           17%        N/A       30%         4
 Kindle Blastsparks       Fire/Tloc/Air  10%        2d10      32%         3
 Call Canine Familiar     Summ           2%         N/A       45%         3
 Portal Projectile        Hex/Tloc       4%         N/A       45%         3
 Leda's Liquefaction      Hex/Erth       1%         N/A       86%         4
 Freezing Cloud           Conj/Ice/Air   3%         6-21      95%         5


Dungeon Overview and Level Annotations

Branches:
Dungeon (3/15)

Altars:
Gozag
Ru


Innate Abilities, Weirdness & Mutations

You have a pair of small horns on your head.
A meltable shield of frost defends you. (SH +0)


Message History

You bump into the rock wall.
The orc wizard hits you with a +0 dagger.
You bump into the rock wall.
The orc wizard looks more healthy.
The orc wizard casts a spell at you. The puff of flame hits you!
* * * LOW HITPOINT WARNING * * *
You're too confused to move!
You feel less confused. The orc wizard barely misses you.
Okay, then.
Aiming: Sting (safe; 6% risk of failure)
Press: ? - help, Q - select action, (/) - cycle Shift-Dir - straight line, f/p - orc wizard
Aim: an orc wizard, wielding a +0 dagger and wearing a +0 robe (almost dead, 64% to hit)
The sting hits the orc wizard.
The orc wizard is poisoned.
The orc wizard is almost dead.
The orc wizard hits you with a +0 dagger.
* * * LOW HITPOINT WARNING * * *
Okay, then.
You kill the orc wizard!
Your Poison Magic skill increases to level 4!
You have reached level 5!
Your demonic ancestry asserts itself...
Frost condenses into a shield before you.
Things that are here:
a +0 club; 4 stones
Things that are here:
a +0 club; 4 stones You see here a +0 robe.
There is an open door here.
A puff of flame appears from out of thin air!
The puff of flame hits you.
Your condensation shield dissipates!
* * * LOW HITPOINT WARNING * * *
Things that are here:
a +0 whip; a +0 leather armour; an orc skeleton
There is an opulent altar of Gozag here.
The orc wizard points at you and mumbles some strange words.
The puff of flame hits you!
You die...
Your body crumbles into a pile of gold.

# #......# # #......# #
#.....[# ## ######'### .###
#......# ...#
##############......#
##'#######...........##......#
#.......(............##......#
+....)†.........@....##......#
#.................._J##......#
#...................).o......#
#...........########.##......#
######.####..# #..#########
#.# ##.# #....## #.# .##..####
.# .##. .##


You could see a jelly and an orc wizard.

Vanquished Creatures
  An orc wizard (D:3)
  4 adders
  3 worms
  2 dart slugs
  2 orcs (D:3)
  7 endoplasms
  3 giant cockroaches
  6 goblins
  9 hobgoblins
  12 kobolds
  2 quokkas (D:1)
  5 ball pythons
  A bat (D:1)
  4 frilled lizards
  7 rats
68 creatures vanquished.

Notes
Turn   | Place    | Note
-------+----------+-------------------------------------------
     0 | D:1      | testman the Demonspawn Venom Mage began the quest for the
                  | Orb.
     0 | D:1      | Reached XP level 1. HP: 13/13 MP: 3/3
    55 | D:1      | Reached skill level 1 in Transmutations
   188 | D:1      | Reached skill level 1 in Air Magic
   373 | D:1      | Gained mutation: You have a pair of small horns on your
                  | head. [demonic ancestry]
   373 | D:1      | Reached XP level 2. HP: 10/19 MP: 0/5
   376 | D:1      | Learned a level 2 spell: Poisonous Vapours
   622 | D:1      | Reached skill level 1 in Conjurations
   708 | D:1      | Reached XP level 3. HP: 24/24 MP: 2/6
   716 | D:1      | Learned a level 3 spell: Mephitic Cloud
  1202 | D:2      | Found a faded altar of an unknown god.
  1331 | D:2      | Prayed at the altar of an unknown god.
  1331 | D:2      | Became a worshipper of Ru the Awakened
  1446 | D:2      | Reached XP level 4. HP: 20/30 MP: 4/7
  1854 | D:3      | Found an opulent altar of Gozag.
  1880 | D:3      | Fell from the grace of Ru
  1880 | D:3      | Became a worshipper of Gozag Ym Sagoz the Greedy
  2155 | D:3      | HP: 1/30 [orc wizard/+0 dagger (2)]
  2160 | D:3      | Reached skill level 4 in Poison Magic
  2160 | D:3      | Gained mutation: A meltable shield of frost defends you.
                  | (SH +0) [demonic ancestry]
  2160 | D:3      | Reached XP level 5. HP: 2/35 MP: 3/8
  2185 | D:3      | Killed from afar by an orc wizard

Illustrated notes

Levels and vault maps discovered:
D:1:      sevenhm_arrival_forest_fort_large_4, layout_basic, minmay_cupped
D:2:      layout_basic, ebering_ecumenical_altar_ruins, minmay_box_of_dots
D:3:      layout_basic, nicolae_gozag_seed_capital, minmay_distorted

Skill      XL: |  1  2  3  4 |
---------------+-------------+-----
Transmutations | 1 |  1.4
Air Magic      | 1 2 |  2.0
Conjurations   | 1 2 |  2.0
Poison Magic   | 4 |  4.0
Dodging        | |  1.7
Stealth        | |  1.7
Spellcasting   | |  2.3
Fire Magic     | |  0.8

Action                     |  1- 3 |  4- 6 || total
---------------------------+-------+-------++-------
  Melee: Dagger            |    67 |    30 ||    97
         Unarmed           |     6 |       ||     6
         Headbutt          |     9 |     4 ||    13
         Punch             |     1 |       ||     1
   Cast: Sting             |    61 |    35 ||    96
    Use: Potion            |     1 |       ||     1
   Stab: Sleeping          |     3 |     3 ||     6
 Armour: Robe              |    12 |     6 ||    18
  Dodge: Dodged            |    68 |    26 ||    94

Table legend: (Time is in decaauts)
 A = Elapsed time spent in this place.
 B = Non-inter-level travel time spent in this place.
 C = Inter-level travel time spent in this place.
 D = Time resting spent in this place.
 E = Time spent auto-exploring this place.
 F = Levels seen in this place.
 G = Mean time per level.
                   A        B        C        D        E       F      G
               +--------+--------+--------+--------+--------+-----+--------+
         Total |   2184 |   2071 |    113 |    168 |   1423 |   3 |  728.0 |
       Dungeon |   2184 |   2071 |    113 |    168 |   1423 |   3 |  728.0 |
               +--------+--------+--------+--------+--------+-----+--------+

Top non-repeatable levels by time:
     D:1: 1241 daAuts
     D:2: 511 daAuts
     D:3: 432 daAuts
